Map: Nightshade LE

Players

ClsClassiC

  • Race: Terran Terran
  • League: Master
  • Spawn Location: 11:00

circle - Winner!

  • Race: Zerg Zerg
  • League: Master
  • Spawn Location: 5:00

VOD

Have the link to the VOD?

Description

Time

  • Played on: March 17, 2020, 7:19 p.m.
  • Length: 10:17
Show
View Real Time Build Order
Export as new Build Order

ClsClassiC Terran 

Build Orders: Reaper Expand, Hellion Banshee, Mech 

Get SALT Encoding   

  12  0:00  SCV  
  13  0:12  SCV  
  14  0:17  Supply Depot  
  14  0:25  SCV  
  15  0:38  SCV  
  15  0:40  Barracks  
  16  0:47  Refinery  
  16  0:50  SCV  
  17  1:02  SCV  
  18  1:15  SCV  
  19  1:27  Orbital Command  
  19  1:31  Reaper  
  20  1:40  Command Center  
  20  1:53  SCV  
  21  1:58  Supply Depot  
  21  2:02  Marine  
  21  2:05  SCV  
  21  2:08  Factory  
  23  2:12  Refinery  
  23  2:20  SCV  
  24  2:26  Barracks Reactor  
  24  2:32  SCV  
  25  2:44  SCV  
  26  2:56  SCV, Starport  
  28  3:00  Orbital Command  
  27  3:08  SCV  
  27  3:10  Hellion x2  
  27  3:11  Barracks Tech Lab  
  32  3:20  SCV  
  32  3:28  SCV  
  32  3:31  Hellion x2  
  32  3:32  SCV  
  37  3:48  SCV  
  37  3:49  SCV  
  37  3:53  Hellion x2  
  42  3:56  Viking, Cloaking Field  
  42  4:00  SCV  
  42  4:01  Supply Depot  
  45  4:03  SCV  
  46  4:18  Command Center  
  46  4:22  Armory, SCV x2  
  48  4:30  Refinery  
  48  4:31  Refinery  
  48  4:34  SCV  
  48  4:35  Supply Depot, SCV, Factory Tech Lab  
  50  4:39  Banshee  
  53  4:46  SCV  
  54  4:57  SCV  
  54  4:58  SCV  
  56  5:00  Refinery  
  56  5:01  Refinery  
  56  5:07  Siege Tank  
  56  5:09  SCV  
  56  5:11  SCV  
  61  5:15  Terran Vehicle Weapons Level 1  
  61  5:21  SCV  
  61  5:26  Factory  
  62  5:29  SCV, Banshee  
  62  5:30  Orbital Command  
  62  5:33  SCV  
  67  5:40  Thor  
  67  5:41  SCV  
  62  5:52  Marine  
  62  5:54  Engineering Bay  
  63  6:03  SCV x2  
  65  6:04  SCV  
  65  6:10  Factory Tech Lab  
  66  6:13  Factory  
  66  6:15  SCV  
  66  6:16  SCV  
  65  6:20  Missile Turret  
  65  6:23  Thor, Missile Turret x2  
  65  6:24  Missile Turret  
  71  6:26  Missile Turret  
  62  6:42  SCV x3  
  60  6:47  Missile Turret  
  60  6:54  SCV x3  
  60  6:58  Factory Reactor  
  63  7:06  SCV x3  
  66  7:18  SCV  
  66  7:19  SCV  
  66  7:21  Terran Vehicle And Ship Armor Level 1  
  68  7:24  Hellbat x2  
  68  7:25  Raven  
  68  7:27  SCV  
  75  7:30  SCV  
  75  7:35  Factory  
  76  7:39  SCV  
  77  7:46  Infernal Pre-Igniter  
  77  7:47  SCV x2, Hellbat x2  
  77  7:48  Supply Depot  
  83  7:53  SCV  
  84  7:59  SCV  
  85  8:08  Sensor Tower  
  85  8:09  Barracks Tech Lab  
  85  8:10  SCV  
  85  8:11  Medivac  
  88  8:13  Siege Tank  
  88  8:14  Hellbat  
  88  8:16  Drilling Claws  
  93  8:23  SCV x2, Thor  
  93  8:26  Supply Depot  
  101  8:29  Sensor Tower  
  101  8:31  Ghost Academy  
  101  8:36  Supply Depot  
  101  8:46  Supply Depot  
  101  8:48  SCV x3, Raven, Hellbat  
  108  8:49  Supply Depot, Thor  
  108  8:51  Supply Depot  
  114  8:56  Widow Mine  
  114  9:00  SCV x3  
  119  9:03  Factory  
  119  9:06  Siege Tank  
  124  9:11  Supply Depot  
  124  9:15  Supply Depot, SCV x3  
  127  9:24  Hellbat x2  
  131  9:30  Raven, Factory  
  133  9:32  Siege Tank  
  133  9:34  Unknown  
  133  9:37  Supply Depot  
  110  9:58  Factory Tech Lab  
Show
View Real Time Build Order
Export as new Build Order

circle Zerg - Winner!

Build Orders: Hatch First, Muta Ling Bane 

Get SALT Encoding   

  12  0:01  Drone  
  13  0:12  Overlord  
  13  0:17  Drone  
  14  0:31  Drone x2  
  14  0:35  Drone  
  17  0:52  Hatchery  
  17  0:54  Drone  
  17  0:57  Drone  
  18  1:08  Extractor  
  17  1:12  Spawning Pool  
  17  1:15  Drone  
  17  1:18  Drone  
  18  1:29  Drone  
  19  1:40  Overlord  
  19  1:49  Drone  
  20  1:59  Queen  
  20  2:00  Zergling x2  
  23  2:04  Queen  
  23  2:05  Zergling x2  
  26  2:08  Metabolic Boost  
  26  2:12  Drone  
  27  2:19  Drone  
  28  2:23  Drone  
  28  2:29  Overlord  
  29  2:36  Drone  
  30  2:38  Drone  
  30  2:40  Queen  
  33  2:49  Drone x2  
  33  2:50  Lair  
  35  2:58  Zergling x2  
  36  3:09  Overlord  
  36  3:11  Zergling x2  
  37  3:13  Drone  
  37  3:15  Drone x3  
  42  3:20  Drone x3  
  42  3:22  Extractor  
  43  3:40  Drone  
  43  3:41  Drone x4  
  46  3:44  Drone, Hatchery  
  46  3:46  Drone x2  
  46  3:48  Drone  
  48  3:50  Extractor  
  47  3:59  Drone, Spire  
  47  4:01  Drone  
  48  4:03  Extractor  
  48  4:05  Drone x2  
  49  4:20  Overlord  
  49  4:21  Drone x2  
  51  4:26  Overlord x3  
  51  4:37  Overlord  
  51  4:42  Drone x2  
  51  4:45  Zergling x6  
  56  4:54  Overlord  
  56  4:56  Overlord, Drone  
  56  4:57  Queen  
  59  5:11  Mutalisk x6  
  71  5:14  Spore Crawler  
  71  5:17  Mutalisk  
  71  5:19  Drone x3  
  75  5:25  Overlord  
  75  5:27  Mutalisk  
  77  5:30  Drone  
  77  5:33  Drone  
  79  5:49  Drone  
  78  5:53  Drone  
  78  5:54  Overseer  
  79  5:58  Drone x2  
  81  6:05  Drone x2  
  81  6:06  Drone  
  82  6:13  Drone x3  
  82  6:14  Drone x4  
  82  6:17  Drone  
  89  6:21  Baneling Nest  
  89  6:23  Evolution Chamber  
  89  6:24  Evolution Chamber  
  89  6:25  Drone, Hatchery  
  85  6:26  Drone x3  
  85  6:28  Drone x2  
  86  6:52  Overlord  
  84  6:55  Extractor, Spore Crawler  
  84  6:56  Overlord  
  84  6:57  Drone x2  
  84  6:59  Zerg Ground Armor Level 1, Zerg Missile Weapons Level 1  
  84  7:04  Drone x5  
  84  7:07  Extractor  
  88  7:18  Overlord  
  88  7:20  Roach Warren  
  88  7:21  Drone x3  
  90  7:24  Drone  
  90  7:25  Drone  
  90  7:26  Drone  
  93  7:31  Drone x7  
  93  7:34  Overlord  
  93  7:36  Hatchery  
  99  7:37  Overlord, Queen  
  101  7:49  Centrifical Hooks  
  101  7:53  Overlord  
  101  7:54  Overlord  
  101  8:05  Glial Reconstitution  
  101  8:06  Roach  
  101  8:07  Roach x13  
  101  8:10  Overlord  
  129  8:19  Spine Crawler  
  128  8:20  Drone x2, Spine Crawler  
  128  8:21  Zergling x4  
  128  8:22  Extractor, Zergling x6  
  133  8:30  Roach  
  133  8:31  Ravager  
  133  8:32  Ravager x3  
  133  8:33  Ravager x5  
  144  8:35  Ravager  
  144  8:36  Ravager x2  
  144  8:37  Roach x4  
  144  8:39  Ravager x2  
  157  8:45  Infestation Pit  
  157  8:47  Roach, Zergling x4  
  157  8:48  Roach, Zergling x6  
  164  8:49  Overlord x3  
  164  8:50  Overlord x2  
  165  9:00  Overlord x2  
  165  9:03  Extractor  
  165  9:07  Roach  
  165  9:08  Zergling x8  
  165  9:09  Zergling x12  
  176  9:12  Ravager x5  
  176  9:13  Ravager x2  
  176  9:15  Roach x2, Zergling x4  
  189  9:23  Hatchery  
  169  9:52  Mutalisk x4  
  142  9:53  Roach x2, Zergling x10  
  142  9:54  Roach x2, Zergling x14  
Tags
 
Add a new tag
Caveats
  • Supply blocks, unpowered buildings, or Contaminate may cause inaccurate times.
  • Supply counts are checked every 10 seconds.